 Dungeon Crawl Stone Soup version 0.25-a0-561-g0977b4d109 (webtiles) character file.

Game seed: 17629026897828299837, levelgen mode: deterministic

5719 Lugonue the Thaumaturge (level 10, -4/39 HPs)
             Began as a Felid Venom Mage on Feb 21, 2020.
             Was an Elder of Sif Muna.
             Blown up by an orb spider (43 damage)
             ... with an orb of destruction
             ... on level 1 of the Spider Nest on Feb 25, 2020.
             The game lasted 00:43:51 (17787 turns).

Lugonue the Thaumaturge (Felid Venom Mage)         Turns: 17787, Time: 00:43:51

Health: -4/39      AC:  5    Str:  4    XL:     10   Next: 48%
Magic:  15/27      EV: 26    Int: 21    God:    Sif Muna [****..]
Gold:   777        SH:  0    Dex: 16    Spells: 14/33 levels left
                                        Lives:  0   Deaths: 3

rFire    . . .     SeeInvis +     - Unarmed
rCold    . . .     Gourm    .   (shield unavailable)
rNeg     . . .     Faith    .   (armour unavailable)
rPois    .         Spirit   .   (helmet unavailable)
rElec    .         Reflect  .   (cloak unavailable)
rCorr    .         Harm     .   (gloves unavailable)
MR       +....                  (boots unavailable)
Stlth    +++++.....             (no amulet)
HPRegen  0.13/turn              s - +3 ring of protection
MPRegen  0.20/turn              u - ring of stealth

@: quick
A: very small, no armour, no weapons or thrown items, stealth, antennae 1, claws
1, fangs 3, see invisible, carnivore, speed 1, shaggy fur 2, slow metabolism 1,
sharp paws
a: Channel Magic, Forget Spell, Divine Exegesis, Renounce Religion


You were on level 1 of the Spider Nest.
You worshipped Sif Muna.
Sif Muna was greatly pleased with you.
You were not hungry.

You visited 4 branches of the dungeon, and saw 16 of its levels.
You also visited: Sewer.

You collected 777 gold pieces.

Inventory:

Jewellery
 d - an uncursed ring of protection from magic
 n - an uncursed ring of fire
 s - a +3 ring of protection (left paw)
 u - a ring of stealth (right paw)
 x - an uncursed ring of protection from cold
Wands
 e - a wand of digging (12)
 p - a wand of iceblast (8)
 q - a wand of polymorph (5)
 r - a wand of random effects (12)
 w - a wand of enslavement (7)
Scrolls
 c - 3 scrolls of identify
 j - 3 scrolls of amnesia
 l - 3 scrolls of teleportation
 t - a scroll of silence
 v - a scroll of fog
 y - 3 scrolls of remove curse
Potions
 a - a potion of heal wounds
 f - a potion of resistance
 g - 2 potions of might
 h - a potion of berserk rage
 i - 4 potions of curing
 k - a potion of lignification
 m - a potion of haste
 o - a potion of brilliance
Comestibles
 b - 19 rations


   Skills:
 + Level 1.3 Fighting
 * Level 10.1 Dodging
 + Level 7.1 Stealth
 + Level 4.1 Unarmed Combat
 * Level 12.3 Spellcasting
 + Level 1.0 Conjurations
 + Level 3.9 Hexes
 + Level 3.5 Transmutations
 + Level 2.3 Fire Magic
 + Level 5.2 Air Magic
 - Level 7.0 Poison Magic
 * Level 1.2 Invocations
 + Level 0.6 Evocations


You had 14 spell levels left.
You knew the following spells:

 Your Spells              Type           Power        Failure   Level  Hunger
a - Sting                 Tmut/Pois      ####         1%          1    None
b - Poisonous Vapours     Pois/Air       #####.       1%          2    None
c - Ignite Poison         Fire/Tmut/Pois ####....     2%          3    None
d - Olgreb's Toxic Radia  Pois           #####...     2%          4    None
e - Tukima's Dance        Hex            ####....     3%          3    None
f - Confusing Touch       Hex            ####....     3%          3    None
g - Mephitic Cloud        Conj/Pois/Air  ####....     2%          3    None

Your spell library contained the following spells:

 Spells                   Type           Power        Failure   Level  Hunger
 Corona                   Hex            ####...      1%          1    None
 Ensorcelled Hibernation  Hex/Ice        ###...       3%          2    None
 Dazzling Flash           Conj/Hex       ###...       5%          3    None


Dungeon Overview and Level Annotations

Branches:
Dungeon (11/15)            Temple (1/1) D:5            Lair (3/6) D:8
 Shoals (0/4) Lair:2       Spider (1/4) Lair:2        Sewer (visited)
    Orc: D:9-12

Altars:
Ashenzari
Cheibriados
Elyvilon
Fedhas
Hepliaklqana
Kikubaaqudgha
Makhleb
Nemelex Xobeh
Okawaru
Qazlal
Ru
Sif Muna
Trog
Uskayaw
Vehumet
Wu Jian
Xom
Zin
The Shining One

Annotations:
Lair:3 Rupert


Innate Abilities, Weirdness & Mutations

You cannot wear armour.
You are incapable of wielding weapons or throwing items.
Your paws allow you to move quietly. (Stealth)
You have sharp claws.
You have razor-sharp teeth.
You have supernaturally acute eyesight. (SInv)
You are carnivorous and can eat meat at any time.
You cover ground quickly.
You are covered in thick fur. (AC +2)
You have a slow metabolism.
Your sharp claws are effective at attacking unaware monsters.
You have a pair of small antennae on your head.


Message History

Casting: Poisonous Vapours (safe; 1% risk of failure)
Confirm with . or Enter, or press ? or * to list all spells.
Aiming: Poisonous Vapours (safe; 1% risk of failure)
Press: ? - help, Dir - move target cursor, f/p - orb spider
Aim: an orb spider (lightly wounded, very poisoned, fully charged) Poisonous vapours surround the orb spider!
The orb spider is engulfed in poison gas.
The orb spider looks even sicker.
The orb spider weaves a glowing orb of energy.
An orb of destruction comes into view.
Casting: Poisonous Vapours (safe; 1% risk of failure)
Confirm with . or Enter, or press ? or * to list all spells.
You ignite the poison in your surroundings!
The orb spider seems to burn from within!!
You kill the orb spider!
Sif Muna accepts your kill.
Your Conjurations skill increases to level 1!
The orb of destruction hits you!!!
Ouch! That really hurt!
You die...

...... ..... .....
.# #. .... ..# #.#
#.. ##°.# .s.#
#.####...## ....##
##.##...°..#
.s....###.#.....°.#
........#†..@..°..#
.......#.†...○○...#
..................#
....$..##........##
.....## #.......##
...# #.#.....## #.
#..##...## # ....
###.# ... #..


There were no monsters in sight!

Vanquished Creatures
  2 two-headed ogres
  An unseen horror (D:10)
  An orb spider (Spider:1)
  A wolf spider (Spider:1)
  A manticore (Lair:2)
  A moth of wrath (D:3)
  A black mamba (Lair:2)
  Psyche (D:9)
  Maggie (Lair:1)
  A rime drake (Lair:2)
  5 komodo dragons
  2 jumping spiders (Spider:1)
  4 hippogriffs
  A tarantella (Spider:1)
  4 redbacks (Spider:1)
  A wyvern (D:8)
  14 yaks
  A shadow (D:9)
  A basilisk (Lair:2)
  Grum (D:9)
  2 hungry ghosts
  3 water moccasins
  A warg (D:8)
  3 sky beasts
  3 orc warriors
  3 porcupines
  An ice beast (D:5)
  2 necrophages (D:9)
  A phantom (D:8)
  7 centaurs
  3 ogres
  10 wolves
  7 crocodiles
  2 big kobolds
  Blork the orc (D:5)
  6 bullfrogs
  A water moccasin zombie (D:8)
  4 scorpions
  6 crimson imps
  A centaur zombie (D:8)
  5 orc wizards
  3 hounds
  A jelly (D:9)
  5 orc priests
  A gnoll shaman (D:7)
  A bullfrog skeleton (D:5)
  Natasha (thrice) (D:2)
  12 worker ants
  A human simulacrum (D:9)
  A hound zombie (D:6)
  3 hound skeletons
  A howler monkey zombie (D:6)
  6 gnolls
  A river rat (D:6)
  11 adders
  An ooze (D:1)
  6 worms
  6 leopard geckos
  24 orcs
  8 giant cockroaches
  12 hobgoblins
  22 jackals
  25 kobolds
  6 quokkas
  3 ball pythons
  A ball python skeleton (D:6)
  7 bats
  5 frilled lizards
  8 goblins
  A jackal zombie (D:8)
  A leopard gecko skeleton (D:6)
  10 rats
  A plant (Lair:2)
314 creatures vanquished.

Vanquished Creatures (collateral kills)
  A big kobold (D:9)
1 creature vanquished.

Vanquished Creatures (others)
  A dancing weapon (D:6)
  A human simulacrum (D:9)
2 creatures vanquished.

Grand Total: 317 creatures vanquished

Notes
Turn   | Place    | Note
-------+----------+-------------------------------------------
     0 | D:1      | Lugonue the Felid Venom Mage began the quest for the Orb.
     0 | D:1      | Reached XP level 1. HP: 7/7 MP: 4/4
   281 | D:1      | Reached XP level 2. HP: 10/11 MP: 4/6
  1252 | D:1      | Learned a level 2 spell: Poisonous Vapours
  1272 | D:1      | Reached XP level 3. HP: 6/14 MP: 1/7
  2208 | D:2      | Reached skill level 3 in Spellcasting
  2208 | D:2      | Reached XP level 4. HP: 18/18 MP: 1/9
  2405 | D:2      | Noticed Natasha
  2418 | D:2      | Killed Natasha
  2788 | D:2      | Noticed Natasha
  2793 | D:2      | Killed Natasha
  2793 | D:2      | Reached skill level 1 in Air Magic
  2860 | D:2      | Reached XP level 5. HP: 21/21 MP: 2/11
  3038 | D:2      | Noticed Natasha
  3054 | D:2      | Killed Natasha
  3390 | D:2      | Found a sacrificial altar of Ru.
  3390 | D:2      | Found a hazy altar of Hepliaklqana.
  3395 | D:2      | Found a snail-covered altar of Cheibriados.
  3397 | D:2      | Found a sparkling altar of Nemelex Xobeh.
  3399 | D:2      | Found an ancient bone altar of Kikubaaqudgha.
  3525 | D:3      | Noticed a moth of wrath
  3527 | D:3      | Found a bloodstained altar of Trog.
  3577 | D:3      | Killed a moth of wrath
  3577 | D:3      | Reached skill level 4 in Spellcasting
  3577 | D:3      | Gained mutation: You are covered in thick fur. (AC +2)
                  | [Felid growth]
  3577 | D:3      | Reached XP level 6. HP: 23/24 MP: 1/14
  3577 | D:3      | Reached XP level 7. HP: 26/27 MP: 1/15
  3853 | D:3      | Learned a level 3 spell: Ignite Poison
  3866 | D:3      | Learned a level 3 spell: Tukima's Dance
  3890 | D:3      | Reached skill level 5 in Spellcasting
  3966 | D:3      | Learned a level 4 spell: Olgreb's Toxic Radiance
  5862 | D:4      | Learned a level 3 spell: Confusing Touch
  5914 | D:5      | Entered Level 5 of the Dungeon
  6111 | D:5      | Reached skill level 6 in Spellcasting
  6225 | D:5      | Reached skill level 5 in Dodging
  6225 | D:5      | Reached XP level 8. HP: 31/31 MP: 11/18
  6489 | D:5      | Noticed Blork the orc
  6495 | D:5      | Killed Blork the orc
  6495 | D:5      | Reached skill level 1 in Unarmed Combat
  6573 | D:5      | Reached skill level 5 in Poison Magic
  6624 | D:5      | Found a staircase to the Ecumenical Temple.
  6630 | Temple   | Entered the Ecumenical Temple
  6763 | Temple   | Became a worshipper of Sif Muna the Loreminder
  7549 | D:6      | Found a glowing drain.
  7577 | Sewer    | Entered a sewer
  7652 | Sewer    | Upgraded the game from 0.25-a0-547-g27a0b5d1ef to
                  | 0.25-a0-561-g0977b4d109
  8084 | D:6      | Reached * piety under Sif Muna
  8384 | D:6      | Reached skill level 1 in Hexes
  8672 | D:6      | Found a glowing silver altar of Zin.
  8672 | D:6      | Found a burning altar of Makhleb.
  8673 | D:6      | Noticed a green death
  8673 | D:6      | Noticed an angel
  9439 | D:7      | Shot with an arrow by a centaur
  9440 | D:7      | Reached XP level 7. HP: -4/27 MP: 5/18
  9445 | D:7      | Learned a level 3 spell: Mephitic Cloud
  9481 | D:7      | Reached skill level 7 in Spellcasting
  9481 | D:7      | Reached XP level 8. HP: 31/31 MP: 2/19
 10624 | D:8      | You fall into a shaft and drop 3 floors!
 10947 | D:11     | Reached skill level 5 in Stealth
 11074 | D:11     | Reached ** piety under Sif Muna
 11550 | D:11     | Noticed a komodo dragon
 11564 | D:11     | Killed a komodo dragon
 11564 | D:11     | Reached XP level 9. HP: 34/34 MP: 7/21
 11769 | D:11     | Noticed a cyclops
 11775 | D:10     | Entered Level 10 of the Dungeon
 11812 | D:10     | Reached skill level 8 in Spellcasting
 11917 | D:10     | Noticed an unseen horror
 11923 | D:10     | Killed an unseen horror
 11926 | D:10     | Noticed a two-headed ogre
 11974 | D:10     | Killed a two-headed ogre
 12269 | D:10     | Reached skill level 1 in Fire Magic
 12272 | D:10     | Reached skill level 9 in Spellcasting
 12277 | D:10     | Reached XP level 10. HP: 37/37 MP: 4/24
 12843 | D:9      | Noticed a two-headed ogre
 12851 | D:9      | Killed a two-headed ogre
 13109 | D:9      | Gained mutation: You are robust. (+10% HP) [potion of
                  | mutation]
 13109 | D:9      | Gained mutation: Your magical capacity is low. (-10% MP)
                  | [potion of mutation]
 13109 | D:9      | Gained mutation: You are weak. (Str -2) [potion of
                  | mutation]
 13109 | D:9      | Lost mutation: You are weak. (Str -2) [potion of mutation]
 13112 | D:9      | Lost mutation: Your magical capacity is low. (-10% MP)
                  | [potion of mutation]
 13112 | D:9      | Lost mutation: You are robust. (+10% HP) [potion of
                  | mutation]
 13112 | D:9      | Gained mutation: You have a pair of small antennae on your
                  | head. [potion of mutation]
 13124 | D:9      | Found an ornate altar of the Wu Jian Council.
 13124 | D:9      | Noticed Psyche
 13132 | D:9      | Killed Psyche
 13249 | D:9      | Noticed Grum
 13258 | D:9      | Killed Grum
 13258 | D:9      | Reached skill level 1 in Fighting
 13259 | D:9      | Reached skill level 10 in Spellcasting
 13582 | D:8      | Found a staircase to the Lair.
 13647 | D:8      | Reached *** piety under Sif Muna
 13963 | D:9      | Reached XP level 11. HP: 32/41 MP: 19/26
 15390 | Lair:1   | Entered Level 1 of the Lair of Beasts
 15552 | Lair:1   | Noticed Maggie
 15555 | Lair:1   | Noticed a seven-headed hydra
 15565 | Lair:1   | Killed Maggie
 15567 | Lair:1   | Noticed a five-headed hydra
 15607 | Lair:2   | Reached skill level 11 in Spellcasting
 16032 | Lair:2   | Found a staircase to the Shoals.
 16724 | Lair:2   | You fall into a shaft and drop 1 floor!
 16730 | Lair:3   | Reached **** piety under Sif Muna
 16739 | Lair:3   | Noticed Rupert
 16758 | Lair:3   | Annihilated by Rupert
 16759 | Lair:3   | Reached XP level 10. HP: -25/38 MP: 3/26
 16763 | Lair:3   | Reached skill level 5 in Air Magic
 16859 | Lair:3   | Noticed a four-headed hydra
 16859 | Lair:3   | Paralysed by Rupert for 2 turns
 16885 | Lair:2   | Reached skill level 12 in Spellcasting
 17303 | Lair:2   | Found a hole to the Spider Nest.
 17315 | Lair:2   | Slain by a demonic crawler
 17316 | Lair:2   | Reached XP level 9. HP: 0/35 MP: 18/26
 17360 | Spider:1 | Entered Level 1 of the Spider Nest
 17382 | Spider:1 | Noticed a jumping spider
 17382 | Spider:1 | Noticed a wolf spider
 17388 | Spider:1 | Killed a jumping spider
 17388 | Spider:1 | Reached XP level 10. HP: 39/39 MP: 20/27
 17395 | Spider:1 | Killed a wolf spider
 17395 | Spider:1 | Reached skill level 10 in Dodging
 17395 | Spider:1 | Reached skill level 1 in Invocations
 17748 | Spider:1 | Noticed a wolf spider
 17777 | Spider:1 | Noticed an orb spider
 17784 | Spider:1 | Killed an orb spider
 17784 | Spider:1 | Reached skill level 1 in Conjurations
 17787 | Spider:1 | Blown up by an orb spider

Levels and vault maps discovered:
D:1:      dpeg_arrival_line_fractal, layout_loops_ring
D:2:      layout_rooms, chequers_temple_overflow_minitemple, first_ration,
          uniq_natasha
D:3:      layout_loops_corners, tgw_trog
D:4:      layout_basic, minmay_misc_feat_five
D:5:      layout_loops_ring, minmay_temple_entry_enclosed_plants,
          uniq_blork_the_orc
D:6:      layout_basic, grunt_temple_overflow_order_and_chaos_2,
          gup_sewer_entry_bowl
D:7:      layout_gridville
D:8:      layout_basic, erik_lair_orcish_takeover, blue_anna_alchemist
          [blue_anna_fruit_fields, blue_anna_fruit_fields],
          minmay_fractal_squares_gapless_5
D:9:      layout_loops_ring, lemuel_crystal_altar, bh_circular_ruins, uniq_grum,
          uniq_psyche
D:10:     layout_long_grid
D:11:     layout_basic, uniq_nergalle
Temple:   nicolae_temple_figure_eight
Lair:1:   layout_hall_layers, serial_bayou_shore_a, grunt_megastairs_1,
          uniq_maggie
Lair:2:   layout_misc_corridors, minmay_shoals_entry_beasts,
          nicolae_spider_entry_non_spiders
Lair:3:   layout_concentric_octagons, minmay_stone_trees_small,
          infiniplex_staircase_pool_2, uniq_gastronok, uniq_rupert
Spider:1: layout_chambers, hangedman_spider_trapstep

Skill      XL: |  1  2  3  4  5  6  7  8  9 10 11 |
---------------+----------------------------------+-----
Dodging        | 3 4 6 7 10 | 10.1
Stealth        | 3 5 7 |  7.1
Poison Magic   | 3 4 6 7 |  7.0
Spellcasting   | 3 4 7 9 12 11 | 12.3
Air Magic      | 1 2 3 5 |  5.2
Unarmed Combat | 2 4 |  4.1
Hexes          | 2 3 |  3.9
Transmutations | 2 3 |  3.5
Fire Magic     | 1 2 |  2.3
Fighting       | 1 |  1.3
Invocations    | 1 |  1.2
Conjurations   | 1 |  1.0
Evocations     | |  0.6

Action                   |  1- 3 |  4- 6 |  7- 9 | 10-12 || total
-------------------------+-------+-------+-------+-------++-------
Melee: Unarmed           |    60 |    22 |   188 |   138 ||   408
       Bite              |     2 |     1 |    14 |    11 ||    28
       Punch             |       |       |     1 |     3 ||     4
 Cast: Sting             |    31 |    10 |    46 |    24 ||   111
       Poisonous Vapours |    18 |    34 |   128 |    87 ||   267
       Olgreb's Toxic Ra |       |       |    21 |    22 ||    43
       Ignite Poison     |       |       |    24 |    39 ||    63
       Confusing Touch   |       |       |    18 |    17 ||    35
       Mephitic Cloud    |       |       |     7 |    22 ||    29
       Tukima's Dance    |       |       |     7 |     1 ||     8
Invok: Channel Magic     |       |       |     1 |     2 ||     3
Evoke: Wand              |       |       |       |     3 ||     3
  Use: Scroll            |       |       |    22 |     7 ||    29
       Potion            |       |       |     2 |     4 ||     6
 Stab: Sleeping          |     3 |       |     5 |     5 ||    13
       Confused          |       |       |    15 |    19 ||    34
       Distracted        |       |       |     1 |       ||     1
  Eat: Chunk             |     4 |     3 |    25 |    41 ||    73
       Ration            |       |       |     3 |     1 ||     4
Armor: Skin              |     7 |     3 |    13 |    20 ||    43
Dodge: Dodged            |    71 |    26 |   161 |   170 ||   428

Table legend:
 A = Non-vault XP
 B = Vault XP
 C = Vault XP percentage of total XP
 D = Non-vault monster count
 E = Vault monster count
 F = Vault count percentage of total count
                 A         B        C        D         E       F
            +---------+---------+-------+---------+---------+-------
      Total |   19797 |    3934 |  16.6 |     271 |      43 |  13.7
            +---------+---------+-------+---------+---------+-------
        D:1 |      47 |       0 |   0.0 |      25 |       0 |   0.0
        D:2 |     182 |      35 |  16.1 |      30 |       1 |   3.2
        D:3 |     125 |     493 |  79.8 |      28 |       6 |  17.6
        D:4 |     255 |       0 |   0.0 |      26 |       0 |   0.0
        D:5 |     526 |      99 |  15.8 |      12 |       1 |   7.7
        D:6 |     437 |      20 |   4.4 |      19 |       3 |  13.6
        D:7 |     965 |       0 |   0.0 |      20 |       0 |   0.0
        D:8 |     550 |     481 |  46.7 |       7 |       8 |  53.3
        D:9 |    3982 |    1107 |  21.8 |      39 |       7 |  15.2
       D:10 |    3242 |       0 |   0.0 |      18 |       0 |   0.0
       D:11 |     879 |       0 |   0.0 |       8 |       0 |   0.0
     Lair:1 |     354 |     532 |  60.0 |       2 |       2 |  50.0
     Lair:2 |    4713 |    1048 |  18.2 |      24 |       9 |  27.3
     Lair:3 |     646 |       0 |   0.0 |       4 |       0 |   0.0
   Spider:1 |    2894 |       0 |   0.0 |       9 |       0 |   0.0
      Sewer |       0 |     119 | 100.0 |       0 |       6 | 100.0
            +---------+---------+-------+---------+---------+-------
